 Dungeon Crawl Stone Soup version 0.18.1-48-g4cf74bf (webtiles) character file.

110 Heedrag the Conjurer (level 4, 0/24 HPs)
             Began as a Deep Elf Conjurer on July 28, 2016.
             Was an Initiate of Vehumet.
             Killed by nerve-wracking pain
             ... invoked by YrmMerkstave's ghost
              (7 damage)
             ... on level 3 of the Dungeon.
             The game lasted 00:04:14 (2205 turns).

Heedrag the Conjurer (Deep Elf Conjurer)            Turns: 2205, Time: 00:04:15

Health: 0/24       AC:  2    Str:  6    XL:     4   Next: 61%
Magic:  12/12      EV: 13    Int: 20    God:    Vehumet [......]
Gold:   181        SH:  0    Dex: 15    Spells: 2 memorised, 7 levels left

rFire  . . .     SeeInvis .     d - +0 short sword (curse)
rCold  . . .     Gourm    .     a - +0 robe
rNeg   . . .     Faith    .     (no shield)
rPois  .         Spirit   .     (no helmet)
rElec  .         Dismiss  .     (no cloak)
rCorr  .         Reflect  .     (no gloves)
SustAt .         Harm     .     (no boots)
MR     .....                    (no amulet)
Stlth  ++........               (no ring)
                                (no ring)

@: not resistant to hostile enchantments, unstealthy
A: no striking features
a: Renounce Religion


You were on level 3 of the Dungeon.
You worshipped Vehumet.
Vehumet was noncommittal.
You were not hungry.

You visited 1 branch of the dungeon, and saw 3 of its levels.

You collected 181 gold pieces.

Inventory:

Hand Weapons
 d - a cursed +0 short sword (weapon)
 i - a +3 dagger
Missiles
 e - 4 curare-tipped needles
Armour
 a - a +0 robe (worn)
Magical Staves
 l - an uncursed staff of air {unknown}
Scrolls
 f - 2 scrolls of teleportation {unknown}
 h - 3 scrolls of remove curse {unknown}
 j - 3 scrolls of random uselessness {unknown}
Potions
 n - a potion of magic {unknown}
 o - a potion of curing {unknown}
Books
 b - a book of Conjurations

   Spells                             Type                      Level
   a - Magic Dart                     Conjuration                  1
   b - Searing Ray                    Conjuration                  2
   c - Dazzling Spray                 Conjuration/Hexes            3
   d - Fulminant Prism                Conjuration/Hexes            4
   e - Iskenderun's Mystic Blast      Conjuration                  4
   f - Iskenderun's Battlesphere      Conjuration/Charms           5
Comestibles
 c - 2 bread rations
 g - 3 chunks of flesh
 k - 3 meat rations
 m - a beef jerky


   Skills:
 - Level 2.4 Dodging
 - Level 2.4 Stealth
 + Level 4.4 Spellcasting
 * Level 6.0 Conjurations


You had 7 spell levels left.
You knew the following spells:

 Your Spells              Type           Power        Failure   Level  Hunger
a - Magic Dart            Conj           ####         1%          1    None
b - Dazzling Spray        Conj/Hex       ###...       12%         3    ###....


Dungeon Overview and Level Annotations

Branches:
Dungeon (3/15)

Altars:
Ashenzari
Cheibriados
Dithmenos
Vehumet
Yredelemnul

Annotations:
D:3 YrmMerkstave's ghost, amateur HuNe


Message History

YrmMerkstave's ghost be too close now fer yer likin'.
YrmMerkstave's ghost be too close now fer yer likin'.
YrmMerkstave's ghost turns its malevolent gaze towards ye.
YrmMerkstave's ghost casts a spell at ye.
Ye barely resist.
Castin': Magic Dart Confirm wit' . or Enter, or press ? or * ta list all spells.
Aimin': Magic Dart
Press: ? - help, Shift-Dir - straight line, f - YrmMerkstave's ghost
Aim: YrmMerkstave's ghost Tha magic dart hits YrmMerkstave's ghost.
YrmMerkstave's ghost gestures at ye while chantin'.
Pain shoots through yer body!
Ouch! Tha re'lly hurt!
YrmMerkstave's ghost points at ye an' mumbles some strange words.
Pain shoots through yer body!
* * * LOW HITPOINT WARNIN'
* * * YrmMerkstave's ghost gestures at ye while chantin'.
Pain shoots through yer body!
Ye die...

..÷.....# .# ##..# #..÷..
........##.# #..###.....
........##.### ##>........
.............# #####.....
####.###.....# #.....
.....###.....#############
######
....<.....................
....####.....#####....########
................@............#
....######.#######....######.#
..... #.# ##.W....# #.# ######
#.# ###.##.# #.# #.# #.##.#
#.# #.# #.##.###.# #.#
#.##.....# #.# #.....#### #.#
###.....


You could see YrmMerkstave's ghost.

Vanquished Creatures
  4 adders
  2 worms
  A dart slug (D:3)
  3 giant geckos
  4 giant cockroaches
  4 goblins
  9 hobgoblins
  4 jackals (D:2)
  10 kobolds
  2 ball pythons
  8 bats
  3 giant newts
  9 rats
63 creatures vanquished.

Notes
Turn   | Place    | Note
--------------------------------------------------------------
     0 | D:1      | Heedrag the Deep Elf Conjurer began the quest for the Orb.
     0 | D:1      | Reached XP level 1. HP: 10/10 MP: 6/6
   308 | D:1      | Reached XP level 2. HP: 12/15 MP: 6/8
   429 | D:1      | Reached skill level 5 in Conjurations
   872 | D:2      | Reached XP level 3. HP: 19/19 MP: 0/10
   877 | D:2      | Learned a level 3 spell: Dazzling Spray
  1046 | D:2      | Found a shattered altar of Ashenzari.
  1187 | D:2      | Reached XP level 4. HP: 24/24 MP: 9/12
  1290 | D:2      | Found a faded altar to an unknown god.
  1447 | D:2      | Found a radiant altar of Vehumet.
  1459 | D:2      | Became a worshipper of Vehumet
  1711 | D:3      | Found a shadowy altar of Dithmenos.
  1886 | D:3      | Found a snail-covered altar of Cheibriados.
  1907 | D:3      | Found a basalt altar of Yredelemnul.
  2115 | D:3      | Reached skill level 6 in Conjurations
  2123 | D:3      | Noticed YrmMerkstave's ghost (amateur HuNe)
  2205 | D:3      | Killed from afar by YrmMerkstave's ghost

Skill      XL: |  1  2  3  4 |
---------------+-------------+-----
Conjurations   | 5 6 |  6.0
Spellcasting   | 4 |  4.4
Dodging        | |  2.4
Stealth        | |  2.4

Action                   |  1- 3 |  4- 6 || total
-------------------------+-------+-------++-------
Melee: Unarmed           |     5 |       ||     5
 Cast: Magic Dart        |    73 |    46 ||   119
  Eat: Chunk             |     1 |     3 ||     4
Armor: Robe              |     4 |       ||     4
Dodge: Dodged            |     7 |     7 ||    14
